 Dungeon Crawl Stone Soup version 0.26-a0-665-gefeb406119 (webtiles) character file.

Game seed: 13417132564061745263

10 jiml777 the Digger (level 2, 0/15 HPs)
             Began as a Gargoyle Earth Elementalist on Oct 16, 2020.
             Slain by a bat (1 damage)
             ... on level 1 of the Dungeon.
             The game lasted 00:02:35 (175 turns).

jiml777 the Digger (Gargoyle Earth Elementalist)     Turns: 175, Time: 00:02:36

Health: 0/15       AC:  4    Str: 11    XL:     2   Next: 20%
Magic:  2/5        EV: 12    Int: 15    God:
Gold:   0          SH:  0    Dex: 10    Spells: 4/5 levels left

rFire    . . .     SeeInvis .   d - +0 whip
rCold    . . .     Faith    .   (no shield)
rNeg     + . .     Spirit   .   c - +0 robe
rPois    ∞         Reflect  .   (no helmet)
rElec    +         Harm     .   (no cloak)
rCorr    .         Rampage  .   (no gloves)
MR       .....                  (no boots)
Stlth    ++........             (no amulet)
HPRegen  0.05/turn              (no ring)
MPRegen  0.09/turn              (no ring)

@: no status effects
A: negative energy resistance 1, electricity resistance, unbreathing,
petrification resistance, rot immunity, AC +2
a: no special abilities


You were on level 1 of the Dungeon.
You visited 1 branch of the dungeon, and saw 1 of its levels.

Inventory:

Hand Weapons
 d - a +0 whip (weapon)
Missiles
 b - 27 stones (quivered)
 e - 17 sling bullets
Armour
 c - a +0 robe (worn)
 f - a +0 helmet
Scrolls
 a - a scroll of amnesia {unknown}


   Skills:
 + Level 1.6 Dodging
 + Level 2.2 Stealth
 + Level 2.0 Spellcasting
   Level 0.7 Transmutations
 + Level 4.2 Earth Magic


You had 4 spell levels left.
You knew the following spells:

 Your Spells              Type           Power        Failure   Level
a - Sandblast             Erth           ##....       3%          1

Your spell library contained the following spells:

 Spells                   Type           Power        Failure   Level
 Passwall                 Tmut/Erth      #.......     12%         2
 Stone Arrow              Conj/Erth      #.....       28%         3
 Petrify                  Tmut/Erth      #.......     61%         4
 Lee's Rapid Deconstruct  Erth           ##........   71%         5


Dungeon Overview and Level Annotations

Branches:
Dungeon (1/15)

Altars:


Innate Abilities, Weirdness & Mutations

You are resistant to torment.
Your stone body is resilient. (AC +2)
You are immune to poison.
You resist negative energy. (rN+)
You are resistant to electric shocks. (rElec)
You can survive without breathing.
You are immune to petrification.
You are immune to rotting.


Message History

You closely miss the bat.
The bat is severely wounded.
The bat closely misses you. The bat hits you but does no damage.
You hit the bat but do no damage. The bat barely misses you.
The bat closely misses you. The bat hits you but does no damage.
You closely miss the bat. The bat hits you.
* * * LOW HITPOINT WARNING * * *
The bat barely misses you.
Unknown command.
You aren't carrying any potions.
You closely miss the bat.
The bat is heavily wounded.
The bat misses you. The bat hits you.
* * * LOW HITPOINT WARNING * * *
The bat hits you but does no damage. x2; The bat barely misses you.
You barely miss the bat.
The bat is moderately wounded.
The bat closely misses you. x2; The bat barely misses you. x2
The bat hits you.
You die...

..#.# #.#.........
######.# #.....h.....
.......# #..........
##.#..##########..........
##.##.........##..########
..............##.†#
......).......##..#
..............###b#
...........)..#.@b#
.....#..........###
.....#.####...###
.....#.........#
.....##........# .....
#........# .....
#........# #........#
#........#


You could see 2 bats.

Vanquished Creatures
  A dart slug (D:1)
  A bat (D:1)
  A goblin (D:1)
  A jackal (D:1)
  2 kobolds (D:1)
  2 rats (D:1)
8 creatures vanquished.

Notes
Turn   | Place    | Note
-------+----------+-------------------------------------------
     0 | D:1      | jiml777 the Gargoyle Earth Elementalist began the quest for
                  | the Orb.
     0 | D:1      | Reached XP level 1. HP: 10/10 MP: 3/3
    67 | D:1      | Reached skill level 4 in Earth Magic
   163 | D:1      | Reached XP level 2. HP: 7/15 MP: 1/5
   175 | D:1      | Slain by a bat

Illustrated notes

Levels and vault maps discovered:
D:1:      matt_arrival_los_fun, layout_basic

Skill      XL: |  1 |
---------------+----+-----
Earth Magic    | 4 |  4.2
Dodging        | |  1.6
Stealth        | |  2.2
Spellcasting   | |  2.0
Transmutations | |  0.7

Action                   || total
-------------------------++-------
Melee: Whip              ||    27
 Cast: Sandblast         ||     5
Armor: Robe              ||    24
Dodge: Dodged            ||    42

Table legend: (Time is in decaauts)
 A = Elapsed time spent in this place.
 B = Non-inter-level travel time spent in this place.
 C = Inter-level travel time spent in this place.
 D = Time resting spent in this place.
 E = Time spent auto-exploring this place.
 F = Levels seen in this place.
 G = Mean time per level.
                   A        B        C        D        E       F      G
               +--------+--------+--------+--------+--------+-----+--------+
         Total |    177 |    177 |      0 |     66 |     31 |   1 |  177.0 |
       Dungeon |    177 |    177 |      0 |     66 |     31 |   1 |  177.0 |
               +--------+--------+--------+--------+--------+-----+--------+

Top non-repeatable levels by time:
     D:1: 177 daAuts
